 Dungeon Crawl Stone Soup version 0.28.0-53-g5a82cb258f (webtiles) character file.

Game seed: 11661467534441242494

175663 Ashen the Ogre Mage (level 17, -1/172 HPs)
             Began as an Ogre Hedge Wizard on June 26, 2022.
             Was a High Priest of Vehumet.
             Slain by a fire elemental (9 damage)
             ... on level 2 of the Elven Halls.
             The game lasted 02:41:44 (42324 turns).

Ashen the Ogre Mage (Ogre Hedge Wizard)            Turns: 42324, Time: 02:41:44

Health: -1/172     AC: 17    Str: 18    XL:     17   Next: 81%
Magic:  9/34       EV: 12    Int: 21    God:    Vehumet [*****.]
Gold:   188        SH:  0    Dex: 12    Spells: 2/43 levels left

rFire   . . .      SeeInvis +   r - +2 giant spiked club
rCold   . . .      Faith    .   (shield currently unavailable)
rNeg    . . .      Spirit   .   a - quicksilver dragon scales
rPois   .          Reflect  .   c - +0 hat
rElec   +          Harm     .   W - +2 cloak
rCorr   .          Rampage  .   (gloves unavailable)
Will    +++..                   (boots unavailable)
Stlth   +++.......              G - amulet of regeneration
HPRegen 1.18/turn               v - ring of Siuddey {rElec Will+ Dex+4 Slay+4 SInv}
MPRegen 0.24/turn               x - ring "Luliq" {Fly Slay+3}

@: flying, hasted, very quick
A: large, unfitting armour, tough skin 1
}: 1/15 runes: decaying
a: Renounce Religion


You were on level 2 of the Elven Halls.
You worshipped Vehumet.
Vehumet was extremely pleased with you.
You visited 6 branches of the dungeon, and saw 30 of its levels.
You also visited: Sewer.

You collected 2420 gold pieces.
You spent 2232 gold pieces at shops.

Inventory:

Hand Weapons
 j - a +1 morningstar of holy wrath
 r - a +2 giant spiked club (weapon)
 t - a +0 flail of protection
Armour
 a - quicksilver dragon scales (worn)
 b - a +3 troll leather armour
 c - a +0 hat (worn)
 K - the +2 robe "Resm" {rPois rC+}
   (You took it off a vampire on level 12 of the Dungeon)

   rC:        It protects you from cold.
   rPois:     It protects you from poison.
 W - a +2 cloak (worn)
 Y - the +5 robe of Night {Dark Will+ SInv}
   (You found it on level 4 of the Lair of Beasts)

   It shrouds the wearer in darkness, reducing the range at which they can see
   and be seen by others.
   SInv:      It lets you see invisible.
   Will:      It increases your willpower.
Jewellery
 s - an amulet of reflection
 v - the ring of Siuddey (left hand) {rElec Will+ Dex+4 Slay+4 SInv}
   (You bought it in a shop on level 2 of the Orcish Mines)

   [ring of slaying]

   Dex:       It affects your dexterity (+4).
   Slay:      It affects your accuracy & damage with ranged weapons and melee
   (+4).
   rElec:     It insulates you from electricity.
   SInv:      It lets you see invisible.
   Will:      It increases your willpower.
 x - the ring "Luliq" (right hand) {Fly Slay+3}
   (You bought it in a shop on level 2 of the Orcish Mines)

   [ring of flight]

   Slay:      It affects your accuracy & damage with ranged weapons and melee
   (+3).
   Fly:       It grants you flight.
 G - an amulet of regeneration (around neck)
Wands
 f - a wand of acid (21)
 g - a wand of charming (7)
 h - a wand of mindburst (12)
 i - a wand of polymorph (4)
 w - a wand of flame (40)
 H - a wand of paralysis (10)
 J - a wand of iceblast (54)
 T - a wand of digging (7)
Scrolls
 l - 5 scrolls of teleportation
 q - 2 scrolls of fear
 y - a scroll of enchant armour
 z - 2 scrolls of magic mapping
 C - a scroll of silence
 F - a scroll of holy word
 I - 2 scrolls of amnesia
 L - 2 scrolls of identify
 N - 3 scrolls of fog
 Q - a scroll of torment
 U - 2 scrolls of vulnerability
 V - a scroll of acquirement
 X - 4 scrolls of immolation
Potions
 d - 8 potions of curing
 e - 5 potions of might
 k - 3 potions of resistance
 m - 4 potions of magic
 n - 6 potions of invisibility
 o - 2 potions of lignification
 p - 4 potions of haste
 A - a potion of cancellation
 B - a potion of attraction
 D - a potion of flight
 O - 2 potions of mutation
 P - 5 potions of brilliance
 S - a potion of berserk rage


   Skills:
 + Level 11.7 Fighting
 - Level 10.0 Maces & Flails
 - Level 10.0 Armour
 + Level 10.9 Dodging
 + Level 6.4 Stealth
 * Level 13.9 Spellcasting
 - Level 10.0 Conjurations
 - Level 2.0 Summonings
 - Level 2.0 Translocations
 + Level 10.9 Ice Magic
 - Level 10.0 Air Magic
 - Level 2.0 Poison Magic


You had 2 spell levels left.
You knew the following spells:

 Your Spells              Type           Power      Damage    Failure   Level
a - Airstrike             Air            27%        N/A       1%          4
b - Blink                 Tloc           46%        N/A       4%          2
c - Call Imp              Summ           23%        N/A       4%          2
d - Mephitic Cloud        Conj/Pois/Air  45%        N/A       1%          3
e - Frozen Ramparts       Ice            100%       1d12      1%          3
f - Hailstorm             Conj/Ice       55%        3d12      1%          4
g - Freezing Cloud        Conj/Ice/Air   27%        6-21      1%          5
h - Lightning Bolt        Conj/Air       27%        1d43      1%          5
i - Ozocubu's Refrigerat  Ice            28%        4d10      17%         7
j - Starburst             Conj/Fire      17%        6d6       32%         6

Your spell library contained the following spells:

 Spells                   Type           Power      Damage    Failure   Level
 Freeze                   Ice            100%       1d11      1%          1
 Magic Dart               Conj           100%       1d8       1%          1
 Sandblast                Erth           28%        2d8       1%          1
 Apportation              Tloc           46%        N/A       3%          1
 Slow                     Hex            56%        N/A       7%          1
 Passwall                 Tmut/Erth      11%        N/A       11%         2
 Conjure Flame            Conj/Fire      35%        6-21      1%          3
 Stone Arrow              Conj/Erth      70%        3d11      1%          3
 Ignite Poison            Fire/Tmut/Pois 17%        N/A       4%          3
 Summon Lightning Spire   Summ/Air       39%        N/A       6%          4
 Gell's Gravitas          Tloc           23%        N/A       9%          3
 Teleport Other           Tloc           23%        N/A       9%          3
 Confusing Touch          Hex            14%        N/A       21%         3
 Vampiric Draining        Necr           14%        2d7       21%         3
 Manifold Assault         Tloc           23%        N/A       63%         5
 Summon Forest            Summ/Tloc      11%        N/A       63%         5
 Alistair's Intoxication  Tmut/Pois      12%        N/A       77%         5
 Eringya's Noxious Bog    Tmut/Pois      9%         N/A       83%         6
 Dispersal                Tloc           11%        N/A       99%         6
 Storm Form               Tmut/Air       17%        N/A       100%        7
 Summon Hydra             Summ           11%        N/A       100%        7
 Chain Lightning          Conj/Air       27%        3d36      100%        9
 Fire Storm               Conj/Fire      17%        8d5       100%        9
 Shatter                  Erth           7%         3d9*      100%        9


Dungeon Overview and Level Annotations

Branches:
Dungeon (15/15)            Temple (1/1) D:4            Lair (6/6) D:9
  Swamp (4/4) Lair:4       Spider (0/4) Lair:4        Slime (0/5) Lair:6
    Orc (2/2) D:10            Elf (1/3) Orc:2        Vaults (0/5) D:13
 Depths (0/4) D:15          Sewer (visited)

Altars:
Ashenzari
Cheibriados
Dithmenos
Elyvilon
Fedhas
Gozag
Hepliaklqana
Kikubaaqudgha
Makhleb
Nemelex Xobeh
Okawaru
Qazlal
Ru
Sif Muna
Trog
Uskayaw
Vehumet
Wu Jian
Xom
Yredelemnul
Zin
The Shining One
Beogh
Jiyva
Lugonu

Shops:
D:4 (   D:10 (   D:12 [   Orc:2 =[(**   Elf:1 :

Annotations:
Lair:3 2 transporters, Ceyvaan's ghost, journeyman DEFE
Swamp:3 3 runed translucent doors, dragonscale333's ghost, adept DsIE
Elf:1 1 runed translucent door, shugdite's ghost, adept MiFi
Elf:2 3 runed translucent doors


Innate Abilities, Weirdness & Mutations

You are too large for most types of armour.
You have tough skin. (AC +1)


Message History

The air elemental fires a burst of electricity at you.
The stunning burst hits you. You resist.
* * * LOW HITPOINT WARNING * * *
Found a stone staircase leading down.
The air elemental fires a burst of electricity at you.
The stunning burst misses you.
Found a potion of haste.
The air elemental fires a burst of electricity at you.
The stunning burst hits you. You resist.
You shrug off the repeated paralysis!
* * * LOW HITPOINT WARNING * * *
The air elemental fires a burst of electricity at you.
The stunning burst hits you! You resist.
* * * LOW HITPOINT WARNING * * *
You feel yourself speed up.
The air elemental fires a burst of electricity at you.
The stunning burst hits you. You resist.
* * * LOW HITPOINT WARNING * * *
The air elemental fires a burst of electricity at you.
The stunning burst hits you! You resist.
You suddenly lose the ability to move!
* * * LOW HITPOINT WARNING * * *
You can move again.
A fire elemental and a water elemental come into view.
You have identified the last scroll.
Found a scroll of brand weapon.
Found a stone staircase leading up.
The air elemental hits you!
* * * LOW HITPOINT WARNING * * *
The fire elemental misses you.
The air elemental fires a burst of electricity at you.
The stunning burst hits you. You resist.
You shrug off the repeated paralysis!
* * * LOW HITPOINT WARNING * * *
Press: ? - help, v - describe, . - travel The floor.
Okay, then.
Press: ? - help, v - describe, . - travel
Here: an air elemental The floor.
Okay, then.
As you read the scroll of summoning, it crumbles to dust.
Wisps of shadow whirl around you... The air elemental barely misses you.
The fire elemental hits you. The fire elemental burns you!
You die...

#....?e...#****,**** *
#......$..+,,,,,,,,* *
#.........#,******,*
#.........#,* *,*
#........##,* *,*
#.......##*,* *,* ##..e..##
*,* *,* ##..E#####+## *,*
*#....@E°....# *,*
#.....e......# *,*
#...ee.......# *,*
#............# *,* ***
#..>.........#****,****
*,***#!.....<....?+,,,,,,,,,
*,,,,+.E.........##***,,****
*****#..........## ****
**,,,,,,,,**


You could see a water elemental (dormant), a fire elemental (ally target), an
air elemental (ally target), a friendly deep elf knight (summoned, wandering), 2
friendly deep elf pyromancers and a friendly deep elf zephyrmancer (summoned,
wandering).

Vanquished Creatures
  A tentacled monstrosity (Swamp:4)
  Donald (Orc:1)
  A thorn hunter (Swamp:4)
  An ironbound preserver (D:13)
  An orc warlord (Orc:2)
  4 ghouls
  A stone giant (D:15)
  A dire elephant (Lair:6)
  5 bunyips
  9 eleionomae
  Snorg (D:10)
  Erolcha (D:12)
  2 shambling mangroves
  Fannar (Orc:1)
  3 catoblepae
  A spriggan air mage (Swamp:1)
  3 boulder beetles
  31 hydras
  An ogre mage (D:9)
  15 alligators
  2 centaur warriors
  5 two-headed ogres
  2 orc high priests
  8 death yaks
  A deep troll shaman (Lair:6)
  3 tengu warriors (D:15)
  2 dancing weapons (Elf:1)
  A spriggan berserker (Swamp:4)
  Nergalle (Lair:1)
  Sonja (Lair:6)
  3 deep elf knights
  9 spriggans
  3 skeletal warriors
  6 goliath frogs
  7 bog bodies
  2 deep elf archers (Elf:1)
  7 spriggan druids
  9 swamp dragons (Swamp:4)
  Pikel (D:4)
  A necromancer (D:9)
  4 deep elf pyromancers (Elf:1)
  5 deep elf zephyrmancers
  2 wolf spiders (D:9)
  11 ugly things
  4 will-o-the-wisps
  A moth of wrath (shapeshifter) (D:9)
  6 manticores
  A cyclops (D:15)
  20 elephants
  2 black mambas
  2 gargoyles (D:13)
  2 torpor snails (Lair:2)
  3 centaur zombies
  8 cane toads
  Psyche (D:12)
  A rime drake (Lair:2)
  2 freezing wraiths (D:14)
  A yaktaur (D:13)
  3 kobold demonologists
  11 komodo dragons
  A yaktaur (shapeshifter) (D:15)
  A tengu conjurer (D:15)
  A queen bee (shapeshifter) (D:13)
  7 trolls
  3 meliai (D:14)
  5 polar bears
  8 tyrant leeches
  12 hornets
  7 slime creatures
  Sigmund (D:2)
  3 shadows
  9 wyverns
  A water elemental (Elf:1)
  60 yaks
  2 vampires
  3 wraiths
  4 basilisks
  7 redbacks
  16 vampire mosquitoes
  Menkaure (D:6)
  8 swamp worms
  2 acid dragons
  4 wargs
  10 swamp drakes
  13 water moccasins
  42 orc warriors
  A hornet zombie (D:7)
  12 ogres
  6 boggarts
  17 wolves
  4 necrophages
  10 centaurs
  A lemure (D:4)
  4 kobold brigands
  15 bullfrogs
  An earth elemental (Elf:1)
  3 scorpions
  2 water moccasin zombies
  A killer bee (D:9)
  10 wights
  3 electric eels (D:10)
  10 howler monkeys
  A bullfrog zombie (D:5)
  3 jellies
  26 orc priests
  3 hounds
  A centaur skeleton (D:7)
  2 hell rats (Lair:2)
  An iguana (D:6)
  39 orc wizards
  4 polar bear simulacra (D:9)
  4 yak simulacra (D:9)
  2 wolf simulacra (D:9)
  2 howler monkey zombies
  5 gnolls
  16 adders
  A river rat (Sewer)
  A shadow imp (D:8)
  An ufetubus (D:5)
  4 worms
  3 dart slugs
  81 orcs
  11 ball pythons
  11 endoplasms
  4 giant cockroaches
  9 goblins
  7 hobgoblins
  7 quokkas
  4 bats
  2 frilled lizards
  22 kobolds
  5 rats
  2 bushes
863 creatures vanquished.

Vanquished Creatures (collateral kills)
  2 wargs (D:10)
  An acid dragon (D:9)
  3 wights
  An orc priest (D:10)
  A gnoll (D:2)
  A white imp (D:4)
  2 worms
11 creatures vanquished.

Vanquished Creatures (others)
  A manticore (D:11)
  2 bloated husks
  A swamp drake (Swamp:2)
  A wolf simulacrum (D:9)
  12 foxfires
  26 fungi
  51 plants
94 creatures vanquished.

Grand Total: 968 creatures vanquished

Notes
Turn   | Place    | Note
-------+----------+-------------------------------------------
     0 | D:1      | Ashen the Ogre Hedge Wizard began the quest for the Orb.
     0 | D:1      | Reached XP level 1. HP: 16/16 MP: 5/5
     2 | D:1      | Noticed an ogre
     2 | D:1      | Noticed a human
     4 | D:1      | Noticed a gargoyle
     7 | D:1      | Noticed a ghoul
     9 | D:1      | Noticed a demonspawn
    11 | D:1      | Noticed a draconian
    13 | D:1      | Noticed an octopode
    13 | D:1      | Noticed a vine stalker
    15 | D:1      | Noticed a felid
    15 | D:1      | Noticed an elf
    17 | D:1      | Noticed a demigod
    19 | D:1      | Noticed a minotaur
    19 | D:1      | Noticed a vampire
    21 | D:1      | Noticed a spriggan
    21 | D:1      | Noticed a troll
    23 | D:1      | Noticed a dwarf
    23 | D:1      | Noticed a formicid
    25 | D:1      | Noticed a naga
    25 | D:1      | Noticed a tengu
    27 | D:1      | Noticed a merfolk
   321 | D:1      | Reached skill level 1 in Conjurations
   321 | D:1      | Reached skill level 1 in Summonings
   321 | D:1      | Reached skill level 1 in Translocations
   321 | D:1      | Reached XP level 2. HP: 14/26 MP: 0/6
   684 | D:1      | Learned a level 2 spell: Blink
   687 | D:1      | Learned a level 2 spell: Call Imp
  1257 | D:2      | Reached XP level 3. HP: 15/32 MP: 8/8
  1428 | D:2      | Learned a level 3 spell: Mephitic Cloud
  1442 | D:2      | Reached skill level 4 in Spellcasting
  1493 | D:2      | Reached skill level 1 in Fighting
  2410 | D:2      | Reached XP level 4. HP: 37/41 MP: 10/10
  2446 | D:2      | Found a faded altar of an unknown god.
  2516 | D:2      | Noticed Sigmund
  2897 | D:2      | Killed Sigmund
  2898 | D:2      | Reached skill level 1 in Maces & Flails
  2898 | D:2      | Reached skill level 1 in Air Magic
  2898 | D:2      | Reached skill level 1 in Poison Magic
  2898 | D:2      | Reached XP level 5. HP: 34/49 MP: 9/12
  2898 | D:2      | Reached XP level 6. HP: 40/57 MP: 9/13
  3402 | D:3      | Found a glowing drain.
  3406 | Sewer    | Entered a sewer
  3646 | Sewer    | Reached skill level 5 in Spellcasting
  4343 | D:3      | Reached XP level 7. HP: 66/66 MP: 8/14
  5476 | D:4      | Noticed Pikel
  5499 | D:4      | Killed Pikel
  5500 | D:4      | Reached skill level 6 in Spellcasting
  5500 | D:4      | Reached XP level 8. HP: 26/78 MP: 10/17
  6346 | D:4      | Found a staircase to the Ecumenical Temple.
  6420 | Temple   | Entered the Ecumenical Temple
  6697 | D:4      | Found Ciemyzav's Weapon Shoppe.
  6887 | D:5      | Entered Level 5 of the Dungeon
  7552 | D:5      | Found a bloodstained altar of Trog.
  7563 | D:5      | Found a basalt altar of Yredelemnul.
  7587 | D:5      | Reached XP level 9. HP: 75/85 MP: 6/18
  8321 | D:6      | Reached skill level 5 in Fighting
  8358 | D:6      | Noticed Menkaure
  8724 | D:6      | Noticed an eight-headed hydra
 10608 | D:7      | Learned a level 3 spell: Frozen Ramparts
 10613 | D:7      | Learned a level 4 spell: Hailstorm
 10619 | D:7      | Learned a level 5 spell: Freezing Cloud
 11180 | D:8      | Identified the +1 pair of boots of Disguise {rPois Regen+}
 11852 | D:9      | Reached XP level 10. HP: 71/93 MP: 9/19
 11867 | D:9      | Reached skill level 5 in Dodging
 12163 | D:9      | Reached skill level 5 in Stealth
 12163 | D:9      | Reached skill level 5 in Conjurations
 12332 | D:9      | Reached skill level 5 in Maces & Flails
 12332 | D:9      | Reached skill level 5 in Air Magic
 12388 | D:9      | Noticed an ogre mage
 12388 | D:9      | Noticed a two-headed ogre
 12679 | D:9      | Noticed a two-headed ogre
 12687 | D:10     | Entered Level 10 of the Dungeon
 13013 | D:10     | Reached skill level 1 in Armour
 13398 | D:10     | Found a sparkling altar of Nemelex Xobeh.
 13688 | D:10     | Found Cuenk's Weapon Boutique.
 13822 | D:9      | Noticed a wolf spider
 14067 | D:10     | Found a staircase to the Orcish Mines.
 14221 | D:10     | Found a radiant altar of Vehumet.
 14223 | D:10     | Found a blossoming altar of Fedhas.
 14223 | D:10     | Found a shadowy altar of Dithmenos.
 14223 | D:10     | Found a shimmering blue altar of Sif Muna.
 14225 | D:10     | Found an ornate altar of the Wu Jian Council.
 14225 | D:10     | Found a stormy altar of Qazlal.
 14225 | D:10     | Found an ancient bone altar of Kikubaaqudgha.
 14225 | D:10     | Found a shimmering altar of Xom.
 14225 | D:10     | Found a white marble altar of Elyvilon.
 14230 | D:10     | Found a broken altar of Ashenzari.
 14230 | D:10     | Found a hide-covered altar of Uskayaw.
 14230 | D:10     | Found a sacrificial altar of Ru.
 14386 | D:10     | Noticed Snorg
 14422 | D:10     | Killed Snorg
 14423 | D:10     | Reached skill level 5 in Armour
 14921 | D:9      | Reached skill level 1 in Ice Magic
 15277 | D:9      | Noticed a seven-headed hydra
 15391 | D:9      | Found a staircase to the Lair.
 15395 | D:9      | Found a snail-covered altar of Cheibriados.
 15535 | D:9      | Reached XP level 11. HP: 92/100 MP: 18/20
 15646 | D:9      | HP: 1/103 [two-headed ogre/+0 giant club (10)]
 15783 | D:9      | Killed a two-headed ogre
 15885 | D:9      | Killed a two-headed ogre
 15950 | D:9      | Killed an ogre mage
 16052 | D:9      | Noticed a two-headed ogre
 16096 | D:9      | Killed a two-headed ogre
 16519 | D:8      | Reached skill level 7 in Spellcasting
 16683 | D:9      | Killed a wolf spider
 16687 | D:9      | Noticed a red ugly thing
 16760 | D:10     | Became a worshipper of Vehumet
 16877 | D:9      | Noticed a necromancer
 16896 | D:9      | Killed a necromancer
 16937 | D:9      | Identified the +2 leather armour "Cifyhoe" {rElec rC-
                  | Int+7}
 17187 | D:9      | Noticed a wolf spider
 17187 | D:9      | Noticed a moth of wrath
 17194 | D:9      | Killed a wolf spider
 17212 | D:9      | Killed a moth of wrath
 17213 | D:9      | Reached XP level 12. HP: 62/118 MP: 10/23
 17402 | D:9      | Reached * piety under Vehumet
 17402 | D:9      | Offered knowledge of Shock by Vehumet.
 17439 | D:9      | Learned a level 4 spell: Airstrike
 17932 | Orc:1    | Entered Level 1 of the Orcish Mines
 18444 | Orc:1    | Noticed a two-headed ogre
 18469 | Orc:1    | Killed a two-headed ogre
 18469 | Orc:1    | Reached ** piety under Vehumet
 18469 | Orc:1    | Offered knowledge of Poisonous Vapours by Vehumet.
 18572 | Orc:1    | Found a shimmering blue altar of Sif Muna.
 18868 | Orc:1    | Noticed an orc high priest
 18880 | Orc:1    | Killed an orc high priest
 19203 | Orc:1    | Offered knowledge of Searing Ray by Vehumet.
 19420 | Orc:2    | Entered Level 2 of the Orcish Mines
 19503 | Orc:2    | Reached skill level 8 in Spellcasting
 19742 | Orc:2    | Reached *** piety under Vehumet
 19744 | Orc:2    | Found Fiar's Jewellery Shoppe.
 19896 | Orc:2    | Noticed Donald
 20178 | Orc:1    | Killed Donald
 20331 | Orc:2    | Found a staircase to the Elven Halls.
 20389 | Orc:2    | Offered knowledge of Inner Flame by Vehumet.
 20390 | Orc:2    | Found Neururoa's General Store.
 20470 | Orc:2    | Bought a scroll of identify for 28 gold pieces
 20552 | Orc:2    | Found Vecisunk's Specific Store.
 20569 | Orc:2    | Found Toumun's General Store.
 20682 | Orc:2    | Bought a potion of flight for 42 gold pieces
 20774 | Orc:2    | Noticed an orc warlord
 20778 | Orc:2    | Reached **** piety under Vehumet
 20792 | Orc:2    | Noticed an orc high priest
 20794 | Orc:2    | Killed an orc warlord
 20795 | Orc:2    | Offered knowledge of Lee's Rapid Deconstruction by Vehumet.
 20795 | Orc:2    | Killed an orc high priest
 20796 | Orc:2    | Reached XP level 13. HP: 117/128 MP: 11/25
 21108 | Orc:2    | Found Qoprucey's Antique Armour Shoppe.
 21114 | Orc:2    | Found Suagoawe's Antique Weapon Emporium.
 21444 | Orc:1    | Noticed Fannar
 21467 | Orc:1    | Killed Fannar
 21797 | D:11     | Reached skill level 5 in Ice Magic
 22494 | D:12     | Found Cisinum's Antique Armour Boutique.
 22609 | D:12     | Identified the +2 robe "Resm" {rPois rC+}
 22744 | D:12     | Noticed Erolcha
 22749 | D:12     | Killed Erolcha
 23077 | D:12     | Noticed Psyche
 23081 | D:12     | Killed Psyche
 23492 | D:13     | Reached skill level 9 in Spellcasting
 23741 | D:13     | Found a gate to the Vaults.
 23741 | D:13     | Noticed an ironbound preserver
 23755 | D:13     | Killed an ironbound preserver
 24234 | D:13     | Found an iron altar of Okawaru.
 24682 | D:14     | Reached XP level 14. HP: 141/141 MP: 8/27
 24797 | D:14     | Reached skill level 10 in Fighting
 25363 | D:14     | Reached ***** piety under Vehumet
 25981 | D:15     | Entered Level 15 of the Dungeon
 26056 | D:15     | Offered knowledge of Iron Shot by Vehumet.
 26624 | D:15     | Found a staircase to the Depths.
 26624 | D:15     | Noticed a stone giant
 26630 | D:15     | Killed a stone giant
 26631 | D:15     | Reached skill level 10 in Spellcasting
 27329 | D:6      | Killed Menkaure
 27457 | Lair:1   | Entered Level 1 of the Lair of Beasts
 27520 | Lair:1   | Noticed Nergalle
 27527 | Lair:1   | Killed Nergalle
 28163 | Lair:2   | You are sucked into a shaft and drop 1 floor!
 28163 | Lair:3   | Found a transporter.
 28200 | Lair:3   | Noticed Ceyvaan's ghost (journeyman DEFE)
 28252 | Lair:3   | Found a transporter.
 28265 | Lair:3   | Found a stormy altar of Qazlal.
 28420 | Lair:3   | Found a bloodstained altar of Trog.
 29458 | Lair:4   | Identified a scroll of acquirement
 29637 | Lair:4   | Found a staircase to the Swamp.
 29730 | Lair:4   | Found the +5 robe of Night {Dark Will+ SInv}
 30034 | Lair:4   | Reached XP level 15. HP: 149/149 MP: 20/29
 30230 | Lair:4   | Found a hole to the Spider Nest.
 32435 | Lair:2   | Reached skill level 11 in Spellcasting
 32444 | Lair:2   | Offered knowledge of Iskenderun's Mystic Blast by Vehumet.
 33009 | Lair:6   | Entered Level 6 of the Lair of Beasts
 33059 | Lair:6   | Found a runed translucent door.
 33075 | Lair:6   | Noticed Sonja
 33078 | Lair:6   | Killed Sonja
 34281 | Lair:6   | Reached XP level 16. HP: 109/158 MP: 27/31
 34606 | Lair:6   | Identified the +0 robe "Zybettaq" {Rampage rF+ rC+ Will-}
 34681 | Lair:6   | Found a viscous altar of Jiyva.
 34681 | Lair:6   | Found a staircase to the Slime Pits.
 34770 | Swamp:1  | Entered Level 1 of the Swamp
 34793 | Lair:4   | HP: 4/158 [eleionoma/spray of wooden splinters (18)]
 34933 | Lair:4   | Learned a level 5 spell: Lightning Bolt
 35123 | Swamp:1  | Reached skill level 10 in Conjurations
 35426 | Swamp:1  | Reached skill level 10 in Air Magic
 35628 | Swamp:1  | Reached skill level 10 in Maces & Flails
 35950 | Swamp:1  | Reached skill level 10 in Dodging
 35950 | Swamp:1  | Reached skill level 12 in Spellcasting
 36219 | Swamp:2  | Reached ****** piety under Vehumet
 36278 | Swamp:2  | Found a sacrificial altar of Ru.
 36389 | Swamp:2  | Offered knowledge of Ozocubu's Refrigeration by Vehumet.
 36398 | Swamp:2  | Learned a level 7 spell: Ozocubu's Refrigeration
 36524 | Swamp:2  | Paralysed by a hornet for 2 turns
 37316 | Swamp:2  | Reached skill level 10 in Armour
 37497 | Swamp:2  | Reached skill level 10 in Ice Magic
 38067 | Swamp:2  | HP: 4/158 [bunyip (26)]
 38443 | Swamp:3  | Reached XP level 17. HP: 167/167 MP: 3/33
 38751 | Swamp:3  | Found a runed translucent gate.
 38751 | Swamp:3  | Found a runed translucent gate.
 38751 | Swamp:3  | Found a runed translucent gate.
 38761 | Swamp:3  | Noticed dragonscale333's ghost (adept DsIE)
 39164 | Swamp:4  | Entered Level 4 of the Swamp
 39379 | Swamp:4  | Offered knowledge of Starburst by Vehumet.
 39387 | Swamp:4  | Learned a level 6 spell: Starburst
 39577 | Swamp:4  | Noticed a tentacled monstrosity
 39599 | Swamp:4  | Killed a tentacled monstrosity
 39701 | Swamp:4  | Reached skill level 13 in Spellcasting
 41194 | Swamp:4  | Got a decaying rune of Zot
 41740 | Orc:2    | Bought the ring of Siuddey {rElec Will+ Dex+4 Slay+4 SInv}
                  | for 1606 gold pieces
 41740 | Orc:2    | Bought the ring "Luliq" {Fly Slay+3} for 556 gold pieces
 41833 | Elf:1    | Entered Level 1 of the Elven Halls
 41908 | Elf:1    | Found Taycoak's Book Shop.
 42185 | Elf:1    | Found a runed translucent door.
 42185 | Elf:1    | Noticed shugdite's ghost (adept MiFi)
 42185 | Elf:1    | Found the +3 Mad Mage's Maulers {Infuse+∞ RegenMP Int-3}
 42278 | Elf:1    | You are sucked into a shaft and drop 1 floor!
 42278 | Elf:2    | Found a runed translucent gate.
 42278 | Elf:2    | Found a runed translucent gate.
 42278 | Elf:2    | Found a runed translucent gate.
 42307 | Elf:2    | Noticed a deep elf blademaster
 42311 | Elf:2    | Paralysed by an air elemental for 1 turns
 42317 | Elf:2    | Paralysed by an air elemental for 1 turns
 42321 | Elf:2    | Paralysed by an air elemental for 1 turns
 42323 | Elf:2    | HP: 7/172 [air elemental/stunning burst (4)]
 42324 | Elf:2    | Slain by a fire elemental

Illustrated notes

Levels and vault maps discovered:
D:1:      kb_arrival_jail, layout_rooms, minivault_11
D:2:      layout_basic, basic_ecumenical_altar, uniq_sigmund
D:3:      layout_loops_ring, gup_sewer_entry_spiral, lightli_corner_chamber
D:4:      layout_cave_pods, minmay_temple_entry_enclosed_plants, serial_shops,
          nicolae_shop_bloodbath_and_beyond, minmay_misc_feat_columns,
          minmay_checkerbox, uniq_pikel
D:5:      layout_rooms, mainiacjoe_overflow_catwalk_spiral, minmay_fountain_box,
          grunt_ministairs_2, serial_bayou_crossing
D:6:      layout_basic, minmay_parallelograms, uniq_menkaure
D:7:      layout_basic
D:8:      layout_rooms
D:9:      nzn_winding_woodlands_large [nzn_winding_woodlands_5x5_cross,
          nzn_winding_woodlands_5x15_parted,
          nzn_winding_woodlands_5x5_perimeter,
          nzn_winding_woodlands_center_lodge,
          nzn_winding_woodlands_15x15_killbox,
          nzn_winding_woodlands_center_pierced_h,
          nzn_winding_woodlands_5x5_open_star,
          nzn_winding_woodlands_5x15_garden,
          nzn_winding_woodlands_5x5_closed_star], layout_cave_pods,
          mainiacjoe_overflow_tiny_flanked, lair_entry_dummy,
          minmay_misc_feat_rows, eino_house_with_fridge
D:10:     layout_basic, overflow_temple_1_default, nicolae_overflows_in_rows,
          minmay_orc_entry_guard_dogs, serial_shops, shop, uniq_snorg
D:11:     cheibrodos_elevator_heist, layout_long_grid
D:12:     layout_long_grid, nicolae_stop_n_shop_2, uniq_psyche, uniq_erolcha
D:13:     layout_rooms, skrybe_vaults_entry_preservation,
          okawaru_altar_gauntlet_db
D:14:     layout_rooms, minmay_misc_feat_iff, lemuel_flamethrower_2
D:15:     grunt_enter_depths_snipers, layout_cross
Temple:   corrupted_temple
Lair:1:   layout_big_grid, uniq_nergalle
Lair:2:   layout_cave_shapes, st_stairs_10, nicolae_lair_lakeside_cave
Lair:3:   layout_gridlike, gammafunk_ghost_wrathful_warriors, basic_altar,
          chequers_serial_rivers_large_a
Lair:4:   layout_regular_city, minmay_swamp_entry_swarm, spider_nest_entry_webs,
          wad_woods_road_04
Lair:5:   hellmonk_warped_wall, layout_cave_pods, infiniplex_staircase_pool
Lair:6:   grunt_lair_end_beastmaster, layout_layer_cave, slime_altar_2,
          nicolae_lair_yak_garden, uniq_sonja
Swamp:1:  layout_basic_swamp, evilmike_swamp_ruin_wall, swamp_pool2
Swamp:2:  layout_basic_swamp, lemuel_altar_in_water, swamp_pool3,
          infiniplex_staircase_pool_2
Swamp:3:  layout_basic_swamp, gammafunk_ghost_necromancy,
          nicolae_swamp_orc_logging_accident
Swamp:4:  swamp_basic_johnstein, layout_basic_swamp
Orc:1:    nicolae_orc_accident_2, layout_caves, kennysheep_orc_sif_temple,
          uniq_fannar
Orc:2:    grunt_orc_community_town_hall, layout_caves,
          grunt_orc_community_big_house_1, grunt_orc_community_big_house_1,
          grunt_orc_community_house_1, grunt_orc_community_house_3,
          grunt_orc_community_house_3, grunt_orc_community_house_2,
          grunt_orc_community_house_3, nicolae_specific_store, uniq_donald
Elf:1:    eino_elf_arrival_sip, layout_geoelf_grid, gammafunk_ghost_grave,
          kennysheep_underground_church, minivault_25_ag, minivault_24,
          minmay_shop_star
Elf:2:    nicolae_elf_blades_crystal_corner, layout_gridlike

Skill      XL: |  1  2  3  4  5  6  7  8  9 10 11 12 13 14 15 16 17 |
---------------+----------------------------------------------------+-----
Conjurations   | 1 2 3 4 5 6 7 8 9 10 | 10.0
Summonings     | 1 2 |  2.0
Translocations | 1 2 |  2.0
Spellcasting   | 4 5 6 7 8 9 10 11 12 13 | 13.9
Fighting       | 1 2 3 4 5 7 8 9 10 11 | 11.7
Dodging        | 2 3 4 5 6 7 8 9 10 | 10.9
Maces & Flails | 1 2 3 4 5 6 7 8 9 10 | 10.0
Stealth        | 2 3 4 5 6 |  6.4
Air Magic      | 1 2 3 4 5 6 7 8 9 10 | 10.0
Poison Magic   | 1 2 |  2.0
Armour         | 5 6 7 8 9 10 | 10.0
Ice Magic      | 1 3 4 5 7 8 10 | 10.9

Action                   |  1- 3 |  4- 6 |  7- 9 | 10-12 | 13-15 | 16-18 || total
-------------------------+-------+-------+-------+-------+-------+-------++-------
Melee: Dagger            |    56 |   136 |   202 |   136 |       |       ||   530
       Mace              |     7 |       |       |       |       |       ||     7
       Punch             |       |     1 |     3 |    10 |     5 |       ||    19
       Giant spiked club |       |       |    81 |       |   134 |   172 ||   387
       Flail             |       |       |    56 |   438 |   114 |       ||   608
       Morningstar       |       |       |       |    16 |   101 |       ||   117
 Cast: Magic Dart        |    67 |    34 |   108 |    47 |       |       ||   256
       Call Imp          |     2 |     3 |    14 |    15 |     2 |       ||    36
       Mephitic Cloud    |       |     3 |    30 |    92 |     6 |     3 ||   134
       Blink             |       |       |     4 |    11 |     4 |    12 ||    31
       Frozen Ramparts   |       |       |     2 |    14 |    10 |     1 ||    27
       Hailstorm         |       |       |       |     7 |     3 |     2 ||    12
       Freezing Cloud    |       |       |       |    52 |   281 |   193 ||   526
       Airstrike         |       |       |       |     3 |    40 |    78 ||   121
       Ozocubu's Refrige |       |       |       |       |       |    11 ||    11
       Starburst         |       |       |       |       |       |     9 ||     9
Evoke: Wand              |       |       |       |     6 |       |    15 ||    21
  Use: Scroll            |       |     7 |     5 |    16 |     7 |    13 ||    48
       Potion            |       |       |       |     7 |     1 |     4 ||    12
 Stab: Sleeping          |     2 |     5 |     4 |     1 |     1 |     1 ||    14
       Confused          |       |     1 |     5 |    27 |     4 |       ||    37
       Distracted        |       |       |     1 |     2 |       |       ||     3
       Petrifying        |       |       |       |       |       |     1 ||     1
Armor: Robe              |    13 |    23 |    71 |     8 |       |       ||   115
       Troll leather arm |       |       |       |   121 |   118 |    66 ||   305
       Acid dragon scale |       |       |       |    20 |       |       ||    20
       Skin              |       |       |       |     1 |       |       ||     1
       Quicksilver drago |       |       |       |       |       |     9 ||     9
Dodge: Dodged            |    22 |    61 |   224 |   285 |   196 |   183 ||   971
Block: Orb               |       |       |    24 |    26 |       |       ||    50
       Other             |       |       |       |   112 |    82 |    42 ||   236
       Reflection        |       |       |       |     8 |     5 |     1 ||    14
